 Dungeon Crawl Stone Soup version 0.31.0-9-g3a7656b989 (webtiles) character file.

Game seed: 2102321672335742577

367 qw the Ducker (level 6, -2/30 HPs)
             Began as a Spriggan Hunter on Feb 2, 2024.
             Slain by Grinder (9 damage)
             ... on level 3 of the Dungeon.
             The game lasted 00:00:10 (2231 turns).

qw the Ducker (Spriggan Hunter)                     Turns: 2231, Time: 00:00:10

Health: -2/30      AC:  3    Str:  7    XL:     6   Next: 41%
Magic:  7/7        EV: 23    Int: 10    God:
Gold:   99         SH:  0    Dex: 21    Spells: 5/5 levels left

rFire   . . .        a - +0 shortbow
rCold   . . .        (shield currently unavailable)
rNeg    . . .        h - +1 robe {Will+}
rPois   .            (helmet restricted)
rElec   .            (no cloak)
rCorr   .            (gloves unavailable)
SInv    +            (boots unavailable)
Will    ++...        (no amulet)
Stlth   ++           (no ring)
HPRegen 0.25/turn    (no ring)
MPRegen 0.10/turn

%: no passive effects
@: very quick
A: very small, no large weapons, unfitting armour, see invisible, speed 3
a: no special abilities


You were on level 3 of the Dungeon.
You visited 1 branch of the dungeon, and saw 3 of its levels.

You collected 99 gold pieces.


Innate Abilities, Weirdness & Mutations

You are very small and have problems with some larger weapons.
You are too small for most types of armour.
You have supernaturally acute eyesight. (SInv)
You cover ground extremely quickly. (Speed+++)


   Skills:
 - Level 2.0 Fighting
 + Level 5.5 Ranged Weapons
 - Level 7.3 Dodging
 - Level 1.5 Stealth


You had 5 spell levels left.
You didn't know any spells.
Your spell library was empty.

Inventory:

Hand Weapons
 a - a +0 shortbow (weapon)
Armour
 h - a +1 robe of willpower (worn)
Jewellery
 b - an amulet of regeneration
 c - a +6 ring of dexterity
Wands
 d - a wand of flame (26) (quivered)
Potions
 i - a potion of enlightenment {unknown}

Dungeon Overview and Level Annotations

Branches:
Dungeon (3/15)

Altars:

Annotations:
D:3 Grinder


Message History

The puff of flame hits Grinder.
Grinder is moderately wounded.
Grinder gestures at you. You resist with almost no effort.
2226 ||| ZAPPING wand of flame (32) at -2,-1 (Grinder; floor).
Aiming: Throw Flame
Press: ? - help, Q - select action, (/) - cycle Shift-Dir - straight line, f/p - Grinder The puff of flame hits Grinder.
Grinder is moderately wounded.
2227 ||| ZAPPING wand of flame (31) at -1,-1 (Grinder; floor).
Aiming: Throw Flame
Press: ? - help, Q - select action, (/) - cycle Shift-Dir - straight line, f/p - Grinder The puff of flame hits Grinder.
Grinder is heavily wounded.
Grinder hits you!
You writhe in agony.
2228 ||| ZAPPING wand of flame (30) at -1,-1 (Grinder; floor).
Aiming: Throw Flame
Press: ? - help, Q - select action, (/) - cycle Shift-Dir - straight line, f/p - Grinder The puff of flame hits Grinder!
Grinder is severely wounded.
Grinder hits you.
You writhe in agony.
2229 ||| ZAPPING wand of flame (29) at -1,-1 (Grinder; floor).
Aiming: Throw Flame
Press: ? - help, Q - select action, (/) - cycle Shift-Dir - straight line, f/p - Grinder The puff of flame misses Grinder.
Grinder completely misses you.
2230 ||| ZAPPING wand of flame (28) at -1,-1 (Grinder; floor).
Aiming: Throw Flame
Press: ? - help, Q - select action, (/) - cycle Shift-Dir - straight line, f/p - Grinder The puff of flame hits Grinder.
Grinder is severely wounded.
Grinder hits you.
2231 ||| ZAPPING wand of flame (27) at -1,-1 (Grinder; floor).
Aiming: Throw Flame
Press: ? - help, Q - select action, (/) - cycle Shift-Dir - straight line, f/p - Grinder The puff of flame hits Grinder.
Grinder is almost dead.
Grinder hits you!
You die...
Grinder sighs, "Dead already?
I want a refund."

#.... #.... #.##......
#..5.
#....#####(#.##......
#....
#..........#.########
#.... #.###.######.###
#.... #.##......%....#
#### .!.
#.##...........# #...
#.##....#####.....# #...
#.....5..###......# #...
#######@.(#.......###...
........8.#.8...........
#######..(#.....#####%..
.........###........'...
#######.#####...#####...
#.........# #....
#.........# #)##.
########### #.##. #.#.)


You could see Grinder.

Vanquished Creatures
  Sigmund (D:2)
  Jessica (D:2)
  Terence (D:3)
  An orc wizard (D:3)
  3 adders (D:2)
  3 gnolls (D:2)
  A dart slug (D:3)
  A ribbon worm (D:3)
  8 orcs (D:3)
  8 endoplasms
  7 goblins
  3 hobgoblins
  4 jackals (D:1)
  5 quokkas
  6 ball pythons
  3 bats (D:3)
  A frilled lizard (D:2)
  4 kobolds
  3 rats
64 creatures vanquished.

Notes
Turn   | Place    | Note
-------+----------+-------------------------------------------
     0 | D:1      | qw the Spriggan Hunter began the quest for the Orb.
     0 | D:1      | Reached XP level 1. HP: 10/10 MP: 2/2
     0 | D:1      | 0 ||| qw: Version: 0.3-a-155-g5e7d8dd
     0 | D:1      | 0 ||| qw: Game counter: 590
     0 | D:1      | 0 ||| qw: Melee chars always use a shield: true
     0 | D:1      | 0 ||| qw: God list: Okawaru
     0 | D:1      | 0 ||| qw: Allow faded altars: false
     0 | D:1      | 0 ||| qw: Do Orc after clearing Dungeon:15 true
     0 | D:1      | 0 ||| qw: Do second Lair branch before Depths: true
     0 | D:1      | 0 ||| qw: Lair rune preference: random
     0 | D:1      | 0 ||| qw: Goals: Normal
     0 | D:1      | 0 ||| PLANNING D:1-11
   110 | D:1      | Reached skill level 3 in Dodging
   432 | D:1      | Reached XP level 2. HP: 14/14 MP: 3/3
   513 | D:1      | 513 ||| READING scroll labelled TUITUF BAVOD.
   516 | D:1      | 516 ||| DRINKING 2 amethyst potions.
   517 | D:1      | 517 ||| DROPPING scroll of butterflies.
   552 | D:2      | Reached skill level 4 in Dodging
   599 | D:2      | Reached XP level 3. HP: 18/18 MP: 4/4
   722 | D:2      | Reached XP level 4. HP: 22/22 MP: 5/5
   745 | D:2      | Noticed Jessica
   749 | D:2      | Killed Jessica
   759 | D:2      | Noticed Sigmund
   769 | D:2      | 769 ||| DRINKING potion of curing.
   769 | D:2      | 769 ||| (to cure confusion)
   783 | D:2      | Killed Sigmund
   784 | D:2      | Reached skill level 7 in Dodging
   784 | D:2      | Reached XP level 5. HP: 15/25 MP: 6/6
  1109 | D:2      | Reached XP level 6. HP: 30/30 MP: 7/7
  1366 | D:2      | 1366 ||| UPGRADING to +1 robe of willpower.
  1376 | D:2      | 1376 ||| DROPPING +0 robe.
  1377 | D:2      | 1377 ||| READING 2 scrolls labelled DATOEV QITH.
  1378 | D:2      | 1378 ||| READING scroll labelled NEPTAE HUUPPO.
  1379 | D:2      | 1379 ||| READING scroll labelled ONUVVE XEJURGH.
  1480 | D:2      | 1480 ||| READING scroll labelled JIECYT FUEFOEGG.
  1481 | D:2      | 1481 ||| READING scroll labelled PEDWYI QEESHRI.
  1481 | D:2      | 1481 ||| IDENTIFYING bubbling emerald potion
  1482 | D:2      | 1482 ||| DROPPING scroll of fear.
  1483 | D:2      | 1483 ||| DROPPING potion of berserk rage.
  1574 | D:3      | 1574 ||| FLEEEEING.
  1576 | D:3      | 1576 ||| FLEEEEING.
  1577 | D:3      | 1577 ||| FLEEEEING.
  1605 | D:3      | 1605 ||| FLEEEEING.
  1646 | D:3      | Noticed Terence
  1664 | D:3      | Killed Terence
  1816 | D:3      | Noticed Grinder
  1827 | D:3      | 1827 ||| FLEEEEING.
  1829 | D:3      | 1829 ||| FLEEEEING.
  1830 | D:3      | 1830 ||| FLEEEEING.
  1831 | D:3      | 1831 ||| FLEEEEING.
  1832 | D:3      | 1832 ||| FLEEEEING.
  1833 | D:3      | 1833 ||| FLEEEEING.
  1835 | D:3      | 1835 ||| FLEEEEING.
  1836 | D:3      | 1836 ||| FLEEEEING.
  1837 | D:3      | 1837 ||| FLEEEEING.
  1838 | D:3      | 1838 ||| FLEEEEING.
  1839 | D:3      | 1839 ||| FLEEEEING.
  1840 | D:3      | 1840 ||| FLEEEEING.
  1841 | D:3      | 1841 ||| FLEEEEING.
  1842 | D:3      | 1842 ||| FLEEEEING.
  1843 | D:3      | 1843 ||| FLEEEEING.
  1844 | D:3      | 1844 ||| FLEEEEING.
  1845 | D:3      | 1845 ||| FLEEEEING.
  1846 | D:3      | 1846 ||| FLEEEEING.
  1851 | D:3      | 1851 ||| FLEEEEING.
  1852 | D:3      | 1852 ||| FLEEEEING.
  1928 | D:3      | 1928 ||| FLEEEEING.
  1929 | D:3      | 1929 ||| FLEEEEING.
  1930 | D:3      | 1930 ||| FLEEEEING.
  1931 | D:3      | 1931 ||| FLEEEEING.
  1932 | D:3      | 1932 ||| FLEEEEING.
  1933 | D:3      | 1933 ||| FLEEEEING.
  1935 | D:3      | 1935 ||| FLEEEEING.
  1936 | D:3      | 1936 ||| FLEEEEING.
  1937 | D:3      | 1937 ||| FLEEEEING.
  1939 | D:3      | 1939 ||| FLEEEEING.
  1940 | D:3      | 1940 ||| FLEEEEING.
  1942 | D:3      | 1942 ||| FLEEEEING.
  2223 | D:3      | 2223 ||| ZAPPING wand of flame (34) at -3,-4 (Grinder;
                  | floor).
  2225 | D:3      | 2225 ||| ZAPPING wand of flame (33) at -2,-1 (Grinder;
                  | floor).
  2226 | D:3      | 2226 ||| ZAPPING wand of flame (32) at -2,-1 (Grinder;
                  | floor).
  2227 | D:3      | 2227 ||| ZAPPING wand of flame (31) at -1,-1 (Grinder;
                  | floor).
  2228 | D:3      | 2228 ||| ZAPPING wand of flame (30) at -1,-1 (Grinder;
                  | floor).
  2229 | D:3      | 2229 ||| ZAPPING wand of flame (29) at -1,-1 (Grinder;
                  | floor).
  2230 | D:3      | 2230 ||| ZAPPING wand of flame (28) at -1,-1 (Grinder;
                  | floor).
  2230 | D:3      | HP: 7/30 [Grinder (6)]
  2231 | D:3      | 2231 ||| ZAPPING wand of flame (27) at -1,-1 (Grinder;
                  | floor).
  2231 | D:3      | Slain by Grinder

Levels and vault maps discovered:
D:1:      dpeg_arrival_tiny_c, layout_basic
D:2:      minmay_chambers_of_ones, layout_loops_ring, uniq_jessica, uniq_sigmund
D:3:      layout_basic, mrwooster_statue_mirror, uniq_grinder, uniq_terence

Skill      XL: |  1  2  3  4  5  6 |
---------------+-------------------+-----
Dodging        | 3 4 7 |  7.3
Ranged Weapons | 5 |  5.5
Fighting       | 2 |  2.0
Stealth        | |  1.5

Action                     |  1- 3 |  4- 6 || total
---------------------------+-------+-------++-------
   Fire: Shortbow          |    58 |   154 ||   212
  Evoke: Wand              |       |     8 ||     8
    Use: Potion            |     1 |     1 ||     2
         Scroll            |     1 |     5 ||     6
 Armour: Robe              |     3 |    21 ||    24
  Dodge: Dodged            |    14 |    75 ||    89

Table legend:
 A = Non-vault XP
 B = Vault XP
 C = Vault XP percentage of total XP
 D = Non-vault monster count
 E = Vault monster count
 F = Vault count percentage of total count
                 A         B        C        D         E       F
            +---------+---------+-------+---------+---------+-------
      Total |     214 |     311 |  59.2 |      56 |       8 |  12.5
            +---------+---------+-------+---------+---------+-------
        D:1 |      17 |       0 |   0.0 |      10 |       0 |   0.0
        D:2 |     113 |     275 |  70.9 |      25 |       7 |  21.9
        D:3 |      84 |      36 |  30.0 |      21 |       1 |   4.5
            +---------+---------+-------+---------+---------+-------
